 Dungeon Crawl Stone Soup version 0.29.1-2-gbd0b4ee654 (webtiles) character file.

Game seed: 15001524562691802131

414 cdecastro the Vexing (level 6, -1/28 HPs)
             Began as a Spriggan Enchanter on Nov 11, 2022.
             Slain by an orc priest
             ... wielding a +0 hand axe
              (4 damage)
             ... on level 4 of the Dungeon.
             The game lasted 00:09:44 (4196 turns).

cdecastro the Vexing (Spriggan Enchanter)           Turns: 4196, Time: 00:09:44

Health: -1/28      AC:  2    Str:  4    XL:     6   Next: 60%
Magic:  9/11       EV: 17    Int: 19    God:
Gold:   155        SH:  0    Dex: 15    Spells: 5/10 levels left

rFire   . . .      SeeInvis +   i - +2 short sword (drain)
rCold   . . .      Faith    .   (no shield)
rNeg    . . .      Spirit   .   b - +0 robe
rPois   .          Reflect  .   (helmet restricted)
rElec   .          Harm     .   (no cloak)
rCorr   .          Rampage  .   (gloves unavailable)
Will    +....                   (boots unavailable)
Stlth   ++++......              (no amulet)
HPRegen 0.09/turn               (no ring)
MPRegen 0.12/turn               (no ring)

@: very quick
A: very small, no large weapons, unfitting armour, see invisible, speed 3
a: no special abilities


You were on level 4 of the Dungeon.
You visited 1 branch of the dungeon, and saw 4 of its levels.

You collected 236 gold pieces.
You spent 81 gold pieces at shops.

Inventory:

Hand Weapons
 i - a +2 short sword of draining (weapon)
Missiles
 d - 6 poisoned darts (quivered)
 j - 33 stones
 p - 5 curare-tipped darts
 x - a throwing net
Armour
 b - a +0 robe (worn)
Jewellery
 s - an amulet of faith
 v - an amulet of the acrobat
Wands
 u - a wand of roots (14)
Scrolls
 a - 3 scrolls of acquirement {unknown}
 e - a scroll of enchant armour {unknown}
 f - 2 scrolls of butterflies {unknown}
 h - 2 scrolls of blinking {unknown}
 k - 5 scrolls of identify {unknown}
 n - a scroll of noise {unknown}
 o - 2 scrolls of vulnerability {unknown}
 r - a scroll of enchant weapon {unknown}
 t - a scroll of fear {unknown}
 w - 2 scrolls of teleportation {unknown}
Potions
 c - a potion of invisibility
 g - a potion of curing {unknown}
 l - 3 potions of attraction {unknown}
 m - a potion of flight {unknown}
 q - a potion of might {unknown}


   Skills:
 - Level 1.1 Short Blades
 - Level 2.6 Dodging
 + Level 7.5 Stealth
 - Level 2.6 Spellcasting
 * Level 7.7 Hexes


You had 5 spell levels left.
You knew the following spells:

 Your Spells              Type           Power      Damage    Failure   Level
a - Ensorcelled Hibernat  Hex/Ice        34%        N/A       4%          2
b - Confusing Touch       Hex            31%        N/A       1%          3

Your spell library contained the following spells:

 Spells                   Type           Power      Damage    Failure   Level
 Tukima's Dance           Hex            31%        N/A       1%          3
 Dazzling Flash           Conj/Hex       34%        N/A       10%         3
 Beastly Appendage        Tmut           4%         N/A       16%         1
 Wereblood                Tmut           2%         N/A       24%         2
 Anguish                  Hex/Necr       8%         N/A       32%         4
 Frozen Ramparts          Ice            4%         1d1       43%         3
 Spider Form              Tmut/Pois      2%         N/A       43%         3
 Ice Form                 Ice/Tmut       2%         N/A       83%         4
 Summon Ice Beast         Ice/Summ       2%         N/A       83%         4
 Iskenderun's Battlesphe  Conj           2%         2d6       99%         5
 Iron Shot                Conj/Erth      1%         9d1       100%        6
 Spellforged Servitor     Conj/Summ      1%         N/A       100%        7


Dungeon Overview and Level Annotations

Branches:
Dungeon (4/15)
 Temple: D:4-7

Altars:
Elyvilon

Shops:
D:2 *?:[   D:3 ?

Annotations:
D:4 2 transporters, Xeneth's ghost, amateur MiFi


Innate Abilities, Weirdness & Mutations

You are very small and have problems with some larger weapons.
You are too small for most types of armour.
You have supernaturally acute eyesight. (SInv)
You cover ground extremely quickly. (Speed+++)


Message History

Aiming: Ensorcelled Hibernation (safe; 4% risk of failure)
Press: ? - help, Shift-Dir - straight line, f/p - orc priest
Aim: an orc priest, wielding a +0 club (chance to affect: 50%)
The orc priest looks drowsy...
Unknown command.
The helpless orc priest fails to defend itself.
You puncture the orc priest!
The orc priest is almost dead.
The orc priest hits you with a +0 club.
* * * LOW HITPOINT WARNING * * *
Unknown command.
You fade into invisibility!
The orc priest completely misses you.
You catch the helpless orc priest completely off-guard!
You puncture the orc priest!
You kill the orc priest!
You flicker for a moment.
You flicker back into view.
An orc priest is nearby!
The orc priest closely misses you.
Things that are here:
a +0 club; a +0 short sword; a +0 ring mail You barely miss the orc priest.
The orc priest hits you with a +0 hand axe.
You closely miss the orc priest.
The orc priest hits you with a +0 hand axe.
* * * LOW HITPOINT WARNING * * *
You hit the orc priest but do no damage.
The orc priest mumbles some strange prayers to Beogh against you.
Beogh smites you!
* * * LOW HITPOINT WARNING * * *
You closely miss the orc priest. The orc priest closely misses you.
Casting: Ensorcelled Hibernation (safe; 4% risk of failure)
Confirm with . or Enter, or press ? or * to list all spells.
Aiming: Ensorcelled Hibernation (safe; 4% risk of failure)
Press: ? - help, Shift-Dir - straight line, f - orc priest
Aim: an orc priest, wielding a +0 hand axe and wearing a +0 leather armour (chance to affect: 50%)
The orc priest resists with some effort.
The orc priest hits you with a +0 hand axe.
You die...

#.##.........######
#.####.####.#......
#.# #.............
#.# #####.........
#.# #...###### #.#
#...#.ZZ.. #.#
#...#..... ##o####
#)..#..##. #..@.>#
#...#..#8. ##.##)#
#...#..##. ####.#
...#..$.. #)# #...#
##. #.# #.#..#. 8.
#)###.##..#..##.
#....###..#...Z.
###.......#©....
#.####..######


You could see an orc priest.

Vanquished Creatures
  An ogre (D:4)
  A jelly (D:4)
  2 orc priests
  A gnoll bouda (D:4)
  Jessica (D:2)
  8 gnolls (D:4)
  3 adders
  2 worms
  3 dart slugs
  3 orcs
  7 endoplasms
  2 giant cockroaches
  5 goblins
  8 hobgoblins
  2 quokkas (D:2)
  4 ball pythons
  5 bats
  2 frilled lizards (D:1)
  7 kobolds
  7 rats
74 creatures vanquished.

Vanquished Creatures (others)
  6 fungi (D:1)
  6 plants (D:1)
12 creatures vanquished.

Grand Total: 86 creatures vanquished

Notes
Turn   | Place    | Note
-------+----------+-------------------------------------------
     0 | D:1      | cdecastro the Spriggan Enchanter began the quest for the
                  | Orb.
     0 | D:1      | Reached XP level 1. HP: 9/9 MP: 5/5
    71 | D:1      | Reached XP level 2. HP: 13/13 MP: 6/6
   112 | D:1      | Found a faded altar of an unknown god.
   385 | D:1      | Learned a level 2 spell: Ensorcelled Hibernation
   708 | D:1      | Reached skill level 5 in Stealth
  1219 | D:2      | Found Seifob's Assorted Antiques.
  1219 | D:2      | Found Cytzaurph's Magic Scroll Emporium.
  1225 | D:2      | Bought a scroll labelled LYOZEF COENUMO for 21 gold pieces
  1225 | D:2      | Bought a scroll labelled LYOZEF COENUMO for 21 gold pieces
  1225 | D:2      | Bought a scroll labelled LIMACEP DOATSE MUXT for 21 gold
                  | pieces
  1225 | D:2      | Bought an amethyst potion for 18 gold pieces
  1261 | D:2      | Reached XP level 3. HP: 16/16 MP: 8/8
  1326 | D:2      | Learned a level 3 spell: Confusing Touch
  1555 | D:2      | Found Bammius's Book Boutique.
  1556 | D:2      | Noticed Jessica
  1556 | D:2      | You fall into a shaft and drop 2 floors!
  1596 | D:3      | Found Akeuwah's Magic Scroll Shoppe.
  1829 | D:2      | Found Roviam's Armour Boutique.
  1846 | D:2      | Reached skill level 5 in Hexes
  2108 | D:2      | Killed Jessica
  2109 | D:2      | Reached XP level 4. HP: 21/21 MP: 9/9
  2565 | D:2      | Found a white marble altar of Elyvilon.
  3213 | D:4      | Found a transporter.
  3385 | D:4      | Reached XP level 5. HP: 21/24 MP: 10/10
  3585 | D:4      | Found a transporter.
  3587 | D:4      | Noticed Xeneth's ghost (amateur MiFi)
  3776 | D:4      | Noticed an ogre
  3784 | D:4      | Killed an ogre
  3785 | D:4      | Reached XP level 6. HP: 28/28 MP: 6/11
  3994 | D:4      | HP: 1/28 [orc priest/+0 club (4)]
  4196 | D:4      | Slain by an orc priest

Illustrated notes

Levels and vault maps discovered:
D:1:      dpeg_arrival_rooms_b, layout_loops_cross,
          dreamdust_ecumenical_altar_grove, minmay_misc_feat_rows
D:2:      layout_basic, basic_altar, serial_shops, shop, shop, shop,
          shop_statue, uniq_jessica
D:3:      layout_loops_ring, serial_shops, nicolae_shop_stone, feat_on_display
D:4:      layout_loops_ring, temple_hall, gammafunk_ghost_mausoleum

Skill      XL: |  1  2  3  4  5 |
---------------+----------------+-----
Hexes          | 4 5 6 7 |  7.7
Stealth        | 5 6 7 |  7.5
Short Blades   | |  1.1
Dodging        | |  2.6
Spellcasting   | |  2.6

Action                   |  1- 3 |  4- 6 || total
-------------------------+-------+-------++-------
Melee: Dagger            |    44 |       ||    44
       Short sword       |    32 |    68 ||   100
       Punch             |     1 |     1 ||     2
Throw: Dart              |       |     1 ||     1
 Cast: Ensorcelled Hiber |    14 |    18 ||    32
  Use: Potion            |       |     1 ||     1
 Stab: Sleeping          |    26 |    24 ||    50
       Distracted        |     1 |       ||     1
       Invisible         |       |     1 ||     1
Armor: Robe              |     3 |     3 ||     6
Dodge: Dodged            |    42 |    42 ||    84
